 Dungeon Crawl Stone Soup version 0.28.0-62-gf88900778d (webtiles) character file.

Game seed: 6056777571054311960

148490 cbfl8 the Severer (level 17, -2/234 HPs)
             Began as a Hill Orc Berserker on June 29, 2023.
             Was the Champion of Trog.
             Killed from afar by a deep elf pyromancer (41 damage)
             ... with a bolt of fire
             ... on level 2 of the Elven Halls.
             The game lasted 00:51:13 (32246 turns).

cbfl8 the Severer (Hill Orc Berserker)             Turns: 32246, Time: 00:51:15

Health: -2/234     AC: 22    Str: 28    XL:     17   Next: 49%
Magic:  5/5        EV: 10    Int:  7    God:    Trog [******]
Gold:   2140       SH: 23    Dex: 22    Spells: 16/16 levels left

rFire   . . .      SeeInvis +   p - +5 broad axe (antimagic)
rCold   + + .      Faith    +   S - +1 tower shield {rC+}
rNeg    . . .      Spirit   .   x - +0 chain mail of Autumn {Regen+ SInv Stlth+}
rPois   .          Reflect  .   b - +1 hat
rElec   .          Harm     .   w - +1 cloak
rCorr   .          Rampage  .   l - +1 pair of gloves
Will    +....                   r - +2 pair of boots {Fly}
Stlth   ..........              F - amulet of the Oligarchy {Faith rC+}
HPRegen 1.29/turn               f - +6 ring of strength
MPRegen 0.09/turn               J - +6 ring of dexterity

@: berserking (expiring), flying, studying Evocations, very quick
A: no striking features
a: Renounce Religion, Berserk, Trog's Hand, Brothers in Arms


You were on level 2 of the Elven Halls.
You worshipped Trog.
Trog was exalted by your worship.
You visited 4 branches of the dungeon, and saw 25 of its levels.
You also visited: Gauntlet and Ice Cave.

You collected 2577 gold pieces.
You spent 437 gold pieces at shops.

Inventory:

Hand Weapons
 m - a +3 war axe of flaming
 p - a +5 antimagic broad axe (weapon)
 z - a +0 vampiric broad axe
Armour
 b - a +1 hat (worn)
 l - a +1 pair of gloves (worn)
 r - a +2 pair of boots of flying (worn)
 w - a +1 cloak (worn)
 x - the +0 chain mail of Autumn (worn) {Regen+ SInv Stlth+}
   (You found it on level 14 of the Dungeon)

   SInv:      It lets you see invisible.
   Regen:     It increases your rate of health regeneration.
   Stlth:     It makes you more stealthy.
 S - a +1 tower shield of cold resistance (worn)
Jewellery
 f - a +6 ring of strength (left hand)
 F - the amulet of the Oligarchy (around neck) {Faith rC+}
   (You found it in a Gauntlet)

   [amulet of faith]

   It allows you to gain divine favour quickly.
   rC:        It protects you from cold.
 J - a +6 ring of dexterity (right hand)
Wands
 h - a wand of flame (55)
 j - a wand of polymorph (17)
 o - a wand of charming (14)
 t - a wand of acid (2)
 u - a wand of iceblast (16) (quivered)
 P - a wand of digging (8)
Scrolls
 a - a scroll of magic mapping
 d - 2 scrolls of holy word
 e - 4 scrolls of enchant armour
 g - a scroll of brand weapon
 i - a scroll of noise
 C - 2 scrolls of enchant weapon
 I - a scroll of fear
 Q - 2 scrolls of fog
Potions
 k - 2 potions of cancellation
 n - 2 potions of heal wounds
 q - 9 potions of curing
 s - 6 potions of attraction
 v - 2 potions of berserk rage
 A - 2 potions of lignification
 B - 3 potions of brilliance {unknown}
 D - a potion of resistance
 E - a potion of mutation
 G - 5 potions of ambrosia
 K - a potion of invisibility
 L - 2 potions of might
 M - 3 potions of haste
Miscellaneous
 c - a condenser vane
 H - a piece from Xom's chessboard (15/15)


   Skills:
 + Level 15.3 Fighting
 + Level 20.0 Axes
 + Level 13.4 Armour
 + Level 4.4 Dodging
 + Level 1.0 Stealth
 + Level 16.4 Shields
 * Level 16.7 Evocations


You had 16 spell levels left.
You didn't know any spells.
Your spell library was empty.

Dungeon Overview and Level Annotations

Branches:
Dungeon (15/15)            Temple (0/1) D:6            Lair (6/6) D:9
  Swamp (0/4) Lair:4       Spider (0/4) Lair:4        Slime (0/5) Lair:6
    Orc (2/2) D:11            Elf (2/3) Orc:2        Vaults (0/5) D:13
 Depths (0/4) D:15          IceCv (visited)         Gauntlet (visited)

Altars:
Ashenzari
Fedhas
Kikubaaqudgha
Nemelex Xobeh
Okawaru
Ru
Sif Muna
Trog
Wu Jian
Xom
Beogh
Lugonu

Shops:
D:1 ?   D:14 *   Orc:2 *[((   Elf:1 (

Portals:
Abyss: Lair:6
Trove: D:13 (give +5 demon blade)

Annotations:
D:7 1 runed translucent door, cbfl8's ghost, novice HOFi
D:10 2 transporters, cbfl8's ghost, journeyman MiBe
D:15 3 runed translucent doors, cbfl8's ghost, journeyman MiBe
Elf:1 3 runed translucent doors, Opsifuid's ghost, journeyman BaBe


Message History

You slice the fire elemental!! You closely miss the fire elemental.
You slash the +5 long sword of holy wrath!
The +5 long sword of holy wrath falls from the air.
Trog accepts your kill.
You block the +2 halberd of freezing's attack.
You block the +1 bardiche of holy wrath's attack.
You block the deep elf blademaster's attack.
The deep elf blademaster hits you but does no damage.
The fire elemental hits you. The fire elemental burns you!
* * * LOW HITPOINT WARNING * * *
You slice the deep elf blademaster!!
The deep elf blademaster is almost dead.
You barely miss the fire elemental. You slice the fire elemental!!
You destroy the fire elemental!
The fire elemental disappears in a puff of smoke!
You block the +2 halberd of freezing's attack.
Unknown command.
You barely miss the deep elf blademaster.
The deep elf blademaster is almost dead.
You slash the fire elemental!
You block the deep elf blademaster's attack. x2
The fire elemental barely misses you.
The +1 bardiche of holy wrath hits you from afar!!
* * * LOW HITPOINT WARNING * * *
The +2 halberd of freezing barely misses you.
You closely miss the deep elf blademaster.
The deep elf blademaster is almost dead.
You hit the fire elemental.
You destroy the fire elemental!
The fire elemental disappears in a puff of smoke!
The deep elf blademaster hits you with a +0 rapier!
* * * LOW HITPOINT WARNING * * *
You block the deep elf blademaster's attack.
You slice the deep elf blademaster!!
You kill the deep elf blademaster!
Trog accepts your kill.
You block the +2 halberd of freezing's attack.
The deep elf pyromancer gestures at you while chanting.
The bolt of fire hits you!!!
You die...

##..........⌠#). ....
#............#.. ....#
#.⌠...)......#.. .....#
#...........##.)
......#
#..........###))
....... #[[.......##
#.< .......##..)..⌠..##
#.. .....(..'.).)...##
#.. .....()@''#######
### ......)§§.### ####
......°.....## #...##
......e......###.....##
..............#.......#
.......................
.......................
.......................
....................#


You could see a deep elf pyromancer and 2 dancing weapons.

Vanquished Creatures
  Saint Roka (Elf:2)
  Rupert (D:13)
  A deep elf blademaster (Elf:2)
  An acid blob (Lair:5)
  An azure jelly (Lair:6)
  4 rockslimes (Lair:6)
  An orc warlord (Orc:2)
  A reaper (IceCv)
  A very ugly thing (D:15)
  A deep elf annihilator (Elf:2)
  2 deep elf demonologists
  Snorg (D:12)
  3 great orbs of eyes
  4 vault guards
  2 rakshasas (D:15)
  A hell beast (Gauntlet)
  Harold (Lair:1)
  5 boulder beetles
  A centaur warrior (D:13)
  6 two-headed ogres
  A catoblepas (D:13)
  7 hydras
  A death scarab (Gauntlet)
  15 dancing weapons
  Erica (Lair:2)
  2 death knights (D:14)
  3 death yaks (Lair:5)
  A tengu warrior (D:15)
  3 thrashing horrors (Lair:6)
  2 orc high priests
  Urug (D:11)
  7 deep elf knights
  A large abomination (Lair:6)
  4 skeletal warriors
  6 deep elf archers
  2 lindwurms
  A phantasmal warrior (D:13)
  A spectral hydra (Gauntlet)
  21 deep elf zephyrmancers
  2 oklob plants (Lair:6)
  2 orc knights
  An orc sorcerer (Orc:2)
  14 ugly things
  16 deep elf pyromancers
  4 cyclopes
  5 manticores
  A moth of wrath (shapeshifter) (D:14)
  A worldbinder (Gauntlet)
  13 elephants
  2 smoke demons (Lair:6)
  Maurice (D:11)
  2 ice statues (IceCv)
  Joseph (D:8)
  6 black mambas
  15 cane toads
  An unseen horror (D:12)
  2 rime drakes
  2 komodo dragons (Lair:4)
  2 freezing wraiths (D:13)
  2 efreet
  A yaktaur (D:12)
  A demonic crawler (Lair:4)
  A kobold demonologist (D:13)
  Maggie (Lair:1)
  5 ice devils (IceCv)
  An anaconda simulacrum (IceCv)
  An ancient zyme (Lair:6)
  An entropy weaver simulacrum (IceCv)
  8 trolls
  A queen bee (D:9)
  A queen bee (shapeshifter) (D:12)
  3 polar bears
  A wolf spider simulacrum (D:15)
  25 slime creatures
  A hornet (D:9)
  A dream sheep (shapeshifter) (Lair:6)
  28 blink frogs
  3 shadows (D:12)
  Sigmund (D:6)
  A ynoxinul (Lair:6)
  2 wraiths
  A dire elephant simulacrum (IceCv)
  3 vampires (D:12)
  11 yaks
  A spriggan (Lair:6)
  3 wyverns
  3 fire elementals
  4 basilisks
  2 death yak simulacra (IceCv)
  3 chaos spawn (Lair:6)
  5 vampire mosquitoes (D:12)
  A harpy simulacrum (IceCv)
  7 wargs
  4 acid dragons
  2 hell hounds (Gauntlet)
  19 water moccasins
  A swamp drake (Orc:2)
  An ice beast (D:5)
  47 orc warriors
  A hornet zombie (D:14)
  2 black bears (D:9)
  10 boggarts
  An ogre (shapeshifter) (Lair:6)
  3 ogres
  33 wolves
  5 centaurs
  A phantom (D:4)
  A kobold brigand (D:7)
  4 bullfrogs
  An earth elemental (Orc:2)
  3 gnoll sergeants
  A two-headed ogre simulacrum (IceCv)
  4 scorpions
  A wyvern skeleton (D:4)
  A wyvern zombie (D:5)
  A water moccasin skeleton (D:7)
  3 elephant simulacra (IceCv)
  31 killer bees
  7 wights
  3 electric eels
  6 howler monkeys
  A crimson imp (Orc:2)
  A bullfrog zombie (D:6)
  2 centaur zombies
  4 hounds
  12 jellies
  27 orc priests
  A centaur skeleton (D:5)
  A gnoll shaman (D:5)
  An iron imp (Orc:2)
  2 bullfrog skeletons
  Ijyb (D:3)
  3 iguanas
  42 orc wizards
  A scorpion zombie (D:5)
  12 small abominations (Lair:6)
  5 hell rats (Lair:6)
  3 spriggan simulacra (IceCv)
  2 troll simulacra (IceCv)
  A wolf simulacrum (IceCv)
  The ghost of user425776 the Skirmisher, a weakling MiFi (D:3)
  A hound skeleton (D:4)
  2 mummies (D:14)
  A howler monkey zombie (D:11)
  Robin (D:2)
  9 adders
  18 gnolls
  A river rat (D:3)
  A shadow imp (Orc:2)
  6 white imps
  3 ufetubi
  2 worms
  5 dart slugs
  108 orcs
  10 endoplasms
  11 giant cockroaches
  15 goblins
  10 hobgoblins
  2 jackals (D:5)
  13 kobolds
  5 quokkas
  2 ball pythons (D:3)
  14 bats
  4 frilled lizards
  6 rats
  A rat (shapeshifter) (D:15)
917 creatures vanquished.

Vanquished Creatures (collateral kills)
  2 rockslimes (Lair:6)
  A minotaur (Gauntlet)
  A rakshasa (D:14)
  A jelly (Lair:6)
5 creatures vanquished.

Vanquished Creatures (others)
  A deep elf pyromancer (Elf:1)
  A centaur zombie (D:10)
  A wight (D:10)
  An orc wizard (Orc:2)
  An ufetubus (IceCv)
  An orc (Orc:2)
  A bush (Lair:6)
  34 demonic plants (Gauntlet)
  33 fungi
  31 plants
105 creatures vanquished.

Grand Total: 1027 creatures vanquished

Notes
Turn   | Place    | Note
-------+----------+-------------------------------------------
     0 | D:1      | cbfl8 the Hill Orc Berserker began the quest for the Orb.
     0 | D:1      | Reached XP level 1. HP: 19/19 MP: 1/1
    55 | D:1      | Reached XP level 2. HP: 20/27 MP: 2/2
   213 | D:1      | Reached skill level 1 in Evocations
   213 | D:1      | Reached XP level 3. HP: 33/33 MP: 3/3
   335 | D:1      | Found Liplepra's Magic Scroll Shoppe.
   639 | D:1      | Found a faded altar of an unknown god.
   645 | D:1      | Reached ** piety under Trog
  1269 | D:2      | Reached skill level 5 in Axes
  1503 | D:2      | Reached XP level 4. HP: 34/40 MP: 4/4
  1826 | D:2      | Noticed Robin
  1840 | D:2      | Killed Robin
  2424 | D:2      | Found an ornate altar of the Wu Jian Council.
  2784 | D:3      | Noticed Ijyb
  2795 | D:3      | Killed Ijyb
  2796 | D:3      | Reached XP level 5. HP: 47/47 MP: 5/5
  3070 | D:3      | Found a runed translucent door.
  3073 | D:3      | Noticed user425776's ghost (weakling MiFi)
  3090 | D:3      | Found a runed translucent door.
  3472 | D:3      | Reached skill level 1 in Shields
  3615 | D:3      | Killed user425776's ghost
  3616 | D:3      | Reached skill level 6 in Axes
  3616 | D:3      | Reached XP level 6. HP: 53/53 MP: 6/6
  3859 | D:4      | Reached *** piety under Trog
  3920 | D:4      | Reached XP level 7. HP: 38/60 MP: 7/7
  3979 | D:4      | Reached skill level 5 in Fighting
  4523 | D:5      | Entered Level 5 of the Dungeon
  4848 | D:5      | Reached skill level 7 in Axes
  4897 | D:5      | Reached XP level 8. HP: 60/68 MP: 8/8
  5485 | D:1      | Bought a scroll of teleportation for 33 gold pieces
  5485 | D:1      | Bought a scroll of identify for 22 gold pieces
  5485 | D:1      | Bought a scroll of blinking for 82 gold pieces
  5625 | D:6      | Noticed Sigmund
  5637 | D:6      | Killed Sigmund
  5696 | D:6      | Found an iron altar of Okawaru.
  5703 | D:6      | Found a sparkling altar of Nemelex Xobeh.
  5706 | D:6      | Found a blossoming altar of Fedhas.
  5706 | D:6      | Found a bloodstained altar of Trog.
  5713 | D:6      | Found a broken altar of Ashenzari.
  6262 | D:6      | Reached skill level 5 in Shields
  6262 | D:6      | Found a staircase to the Ecumenical Temple.
  6404 | D:6      | Identified the +0 robe of the Mantidfly {Dex+3}
  6454 | D:7      | Reached skill level 8 in Axes
  6454 | D:7      | Reached skill level 5 in Armour
  6631 | D:7      | Found a runed translucent door.
  6640 | D:7      | Reached XP level 9. HP: 75/75 MP: 9/9
  6645 | D:7      | Reached **** piety under Trog
  6659 | D:7      | Found a shimmering altar of Xom.
  6659 | D:7      | Noticed cbfl8's ghost (novice HOFi)
  6659 | D:7      | Noticed a +1 spear of chaos
  7209 | D:8      | Reached skill level 9 in Axes
  7209 | D:8      | Reached skill level 5 in Evocations
  7467 | D:8      | Noticed Joseph
  7486 | D:8      | Killed Joseph
  8050 | D:9      | Noticed a hornet
  8058 | D:9      | Killed a hornet
  8059 | D:9      | Reached skill level 10 in Axes
  8084 | D:9      | Reached XP level 10. HP: 80/84 MP: 10/10
  8230 | D:9      | Found a staircase to the Lair.
  8331 | D:9      | Found a sacrificial altar of Ru.
  8868 | D:9      | Reached skill level 11 in Axes
  9030 | D:10     | Entered Level 10 of the Dungeon
  9145 | D:10     | Noticed cbfl8's ghost (journeyman MiBe)
  9149 | D:10     | Found a transporter.
  9274 | D:10     | Noticed a two-headed ogre
  9280 | D:10     | Killed a two-headed ogre
  9534 | D:10     | Found a transporter.
  9750 | D:11     | Reached XP level 11. HP: 22/92 MP: 11/11
 10045 | D:11     | Reached ***** piety under Trog
 10313 | D:11     | Reached skill level 12 in Axes
 10421 | D:11     | Noticed a boulder beetle
 10427 | D:11     | Killed a boulder beetle
 10444 | D:11     | Noticed Urug
 10450 | D:11     | Killed Urug
 10661 | D:11     | Noticed Maurice
 10672 | D:11     | Killed Maurice
 10743 | D:11     | Noticed a two-headed ogre
 10757 | D:11     | Killed a two-headed ogre
 10817 | D:11     | Noticed a purple ugly thing
 10832 | D:11     | Killed a purple ugly thing
 10876 | D:11     | Found a staircase to the Orcish Mines.
 10951 | D:11     | Reached skill level 10 in Shields
 10992 | D:12     | Noticed a red ugly thing
 10993 | D:12     | Noticed an eight-headed hydra
 11111 | D:12     | Killed a red ugly thing
 11153 | D:12     | Noticed a manticore
 11155 | D:12     | Killed a manticore
 11177 | D:12     | Reached skill level 13 in Axes
 11311 | D:12     | Reached XP level 12. HP: 54/103 MP: 12/12
 11373 | D:12     | Noticed a two-headed ogre
 11383 | D:12     | Killed a two-headed ogre
 11483 | D:12     | Noticed Snorg
 11498 | D:12     | Killed Snorg
 11904 | D:12     | Noticed a two-headed ogre
 11921 | D:12     | Killed a two-headed ogre
 12155 | D:12     | Noticed a two-headed ogre
 12162 | D:12     | Killed a two-headed ogre
 12264 | D:12     | Reached skill level 14 in Axes
 12689 | D:12     | Killed a five-headed hydra
 13324 | D:12     | Reached XP level 13. HP: 105/112 MP: 13/13
 13384 | D:13     | Noticed a vault guard
 13399 | D:13     | Noticed a vault guard
 13413 | D:12     | Killed a vault guard
 13414 | D:12     | Reached skill level 10 in Evocations
 13457 | D:13     | Noticed a vault guard
 13466 | D:12     | Killed a vault guard
 13531 | D:12     | Killed a vault guard
 13664 | D:13     | Reached skill level 15 in Axes
 13664 | D:13     | Reached skill level 10 in Armour
 13666 | D:13     | Found a gate to the Vaults.
 13690 | D:13     | Noticed a vault guard
 13705 | D:13     | Killed a vault guard
 13706 | D:13     | Reached skill level 10 in Fighting
 14061 | D:13     | Noticed Rupert
 14075 | D:13     | Killed Rupert
 14284 | D:13     | Found a portal to a secret trove of treasure.
 14621 | D:14     | Identified the +0 chain mail of Autumn {Regen+ SInv Stlth+}
 14870 | D:14     | HP: 7/171 [death knight/+0 broad axe (18)]
 14882 | D:15     | Entered Level 15 of the Dungeon
 15083 | D:14     | Reached skill level 16 in Axes
 15168 | D:14     | Found Fifuez's General Store.
 15174 | D:14     | Identified a scroll of acquirement
 15177 | D:14     | Acquired a manual of Evocations
 15189 | D:14     | Bought a scroll of teleportation for 45 gold pieces
 15327 | D:14     | Noticed a rakshasa
 15344 | D:14     | Killed a rakshasa
 15345 | D:14     | Reached XP level 14. HP: 88/122 MP: 14/14
 16302 | D:15     | Noticed a cyan very ugly thing
 16324 | D:15     | Killed a cyan very ugly thing
 16634 | D:15     | Found a runed translucent gate.
 16634 | D:15     | Found a runed translucent gate.
 16634 | D:15     | Found a runed translucent gate.
 16639 | D:15     | Noticed cbfl8's ghost (journeyman MiBe)
 16846 | D:15     | Paralysed by a great orb of eyes for 5 turns
 16955 | D:14     | Reached skill level 17 in Axes
 17056 | D:15     | Found a staircase to the Depths.
 17292 | Lair:1   | Entered Level 1 of the Lair of Beasts
 17337 | Lair:1   | Found a frozen archway.
 17364 | IceCv    | Entered an ice cave
 17848 | IceCv    | Noticed a reaper
 17859 | IceCv    | Killed a reaper
 18359 | Lair:1   | Noticed Harold
 18370 | Lair:1   | Killed Harold
 18413 | Lair:1   | Noticed Maggie
 18420 | Lair:1   | Killed Maggie
 18849 | Lair:2   | Noticed Erica
 18863 | Lair:2   | Killed Erica
 19790 | Lair:3   | Found a gate leading to a gauntlet.
 19799 | Gauntlet | Entered a Gauntlet
 19799 | Gauntlet | Found a transporter.
 19813 | Gauntlet | Found a transporter.
 19824 | Gauntlet | Found a transporter.
 19829 | Gauntlet | Found a transporter.
 19846 | Gauntlet | Found a transporter.
 19863 | Gauntlet | Found a transporter.
 19875 | Gauntlet | Found a transporter.
 19887 | Gauntlet | Found a transporter.
 19893 | Gauntlet | Found a transporter.
 19893 | Gauntlet | Found a transporter.
 19908 | Gauntlet | Found a transporter.
 19920 | Gauntlet | Found a transporter.
 19937 | Gauntlet | Found a transporter.
 19954 | Gauntlet | Found a transporter.
 19956 | Gauntlet | Found a transporter.
 19985 | Gauntlet | Found a transporter.
 19985 | Gauntlet | Found a transporter.
 20005 | Gauntlet | Found a transporter.
 20524 | Gauntlet | Identified the amulet of the Oligarchy {Faith rC+}
 20698 | Gauntlet | Reached XP level 15. HP: 71/132 MP: 15/15
 20709 | Gauntlet | Identified the +1 robe of Dice, Bag, and Bottle {Contam
                  | rPois rN+ Int+7}
 20928 | Lair:3   | Reached skill level 18 in Axes
 21083 | Lair:3   | Received a gift from Trog
 21711 | Lair:4   | Found a hole to the Spider Nest.
 21888 | Lair:4   | Found a staircase to the Swamp.
 22739 | Lair:5   | Identified the +2 leather armour of Dioce {Rampage}
 23291 | Lair:6   | Entered Level 6 of the Lair of Beasts
 23334 | Lair:6   | Found a staircase to the Slime Pits.
 23727 | Lair:6   | Reached ****** piety under Trog
 23934 | Lair:6   | Received a gift from Trog
 24488 | Lair:6   | Reached XP level 16. HP: 144/144 MP: 16/16
 24591 | Lair:6   | Found a corrupted altar of Lugonu.
 24591 | Lair:6   | Found a one-way gate to the infinite horrors of the Abyss.
 24604 | Lair:6   | Identified the +6 hunting sling of the Warrior-Mage {flame,
                  | Will+ rCorr}
 24811 | Lair:6   | Noticed a rockslime
 24816 | Lair:6   | Noticed a rockslime
 24821 | Lair:6   | Noticed a rockslime
 24825 | Lair:6   | Killed a rockslime
 24826 | Lair:6   | Killed a rockslime
 25122 | Lair:6   | Killed a rockslime
 25126 | Lair:6   | Noticed a rockslime
 25140 | Lair:6   | Killed a rockslime
 25242 | Lair:6   | Noticed an azure jelly
 25252 | Lair:6   | Reached skill level 15 in Shields
 25262 | Lair:6   | Killed an azure jelly
 25263 | Lair:6   | Reached skill level 19 in Axes
 25278 | Lair:6   | Noticed a rockslime
 25285 | Lair:6   | Killed a rockslime
 25286 | Lair:6   | Reached skill level 15 in Evocations
 25423 | Lair:6   | Noticed a rockslime
 25424 | Lair:6   | Noticed an acid blob
 25900 | Lair:5   | Killed an acid blob
 25965 | Lair:6   | Killed a rockslime
 26501 | Orc:1    | Entered Level 1 of the Orcish Mines
 26715 | Orc:1    | Received a gift from Trog
 26787 | Orc:1    | Found a shimmering blue altar of Sif Muna.
 26991 | Orc:2    | Entered Level 2 of the Orcish Mines
 27165 | Orc:2    | Found a staircase to the Elven Halls.
 27310 | Orc:2    | Received a gift from Trog
 27874 | Orc:2    | Found Zitas's Antique Armour Shoppe.
 27877 | Orc:2    | Found a roughly hewn altar of Beogh.
 27938 | Orc:2    | Received a gift from Trog
 28080 | Orc:2    | Found Mouxoap's Antique Weapon Emporium.
 28132 | Orc:2    | Found a roughly hewn altar of Beogh.
 28158 | Orc:2    | Found Yneinok's Antique Weapon Emporium.
 28198 | Orc:2    | Found a roughly hewn altar of Beogh.
 28317 | Orc:2    | Reached skill level 1 in Stealth
 28325 | Orc:2    | Found a roughly hewn altar of Beogh.
 28338 | Orc:2    | Found Zulees's General Store.
 28345 | Orc:2    | Bought a scroll of identify for 20 gold pieces
 28345 | Orc:2    | Bought a wand of acid (2) for 120 gold pieces
 28345 | Orc:2    | Bought a scroll of enchant armour for 75 gold pieces
 28414 | Orc:2    | Found a roughly hewn altar of Beogh.
 28479 | Orc:2    | Bought a potion of might for 40 gold pieces
 28592 | Elf:1    | Entered Level 1 of the Elven Halls
 29184 | Elf:1    | Found Kepliw Utimn's Antique Weapon Shop.
 29194 | Elf:1    | Received a gift from Trog
 29424 | Elf:1    | Found a runed translucent gate.
 29425 | Elf:1    | Found a runed translucent gate.
 29425 | Elf:1    | Found a runed translucent gate.
 29427 | Elf:1    | Noticed Opsifuid's ghost (journeyman BaBe)
 29432 | Elf:1    | Found an iron altar of Okawaru.
 29965 | Elf:1    | Reached XP level 17. HP: 133/154 MP: 5/17
 30649 | Elf:2    | Identified the +6 hand axe "Feduacli" {flame, Will++} (Trog
                  | gifted it to you on level 2 of the Elven Halls)
 30649 | Elf:2    | Received a gift from Trog
 30944 | Elf:2    | Found an ancient bone altar of Kikubaaqudgha.
 31183 | Elf:2    | Reached skill level 15 in Fighting
 31255 | Elf:2    | Found a runed translucent gate.
 31256 | Elf:2    | Found a runed translucent gate.
 31256 | Elf:2    | Found a runed translucent gate.
 31451 | Elf:2    | Reached skill level 20 in Axes
 31575 | Elf:2    | Noticed Saint Roka
 31577 | Elf:2    | Noticed a deep elf blademaster
 32137 | Elf:2    | Killed Saint Roka
 32246 | Elf:2    | Killed a deep elf blademaster
 32246 | Elf:2    | Killed from afar by a deep elf pyromancer

Illustrated notes

Levels and vault maps discovered:
D:1:      dpeg_arrival_stonehenge_12_columns, layout_basic, serial_shops, shop,
          hellmonk_ecumenical_altar_blasted
D:2:      layout_basic, basic_altar, uniq_robin
D:3:      layout_basic, ebering_ghost_sewer_f, grunt_decor_arrowhead, uniq_ijyb
D:4:      layout_loops_ring
D:5:      layout_cave_pods
D:6:      layout_basic, nicolae_overflow_hallway_of_the_gods, temple_statues,
          uniq_sigmund
D:7:      layout_cave_pools, ebering_ghost_xom
D:8:      layout_cave_pools, minmay_door_square,
          hangedman_decor_clover_reticule, uniq_joseph
D:9:      layout_roguey [special_room_bee], nicolae_ru_the_path_less_chosen,
          grunt_lair_entry_orc_guard_hut
D:10:     layout_big_octagon, gammafunk_ghost_arena
D:11:     layout_roguey, david_orc_4, uniq_maurice, uniq_urug
D:12:     layout_roguey, hangedman_decor_push, grunt_tough_drop, uniq_snorg
D:13:     layout_rooms, lightli_vaults_fourway_checkpoint, enter_trove_3,
          uniq_rupert
D:14:     layout_basic, serial_shops, nicolae_square_shop, serial_undead,
          serial_undead_d, serial_undead_e, serial_undead_b, serial_undead_d,
          chequers_garden
D:15:     gammafunk_enter_depths_forms, layout_basic,
          hangedman_decor_diamond_cutter, ebering_ghost_rock_garden
Lair:1:   layout_chaotic_city, portal_ice_cave_entry_pillars_1,
          grunt_forest_small_clearing_treed, serial_bayou_shore_a,
          lemuel_fruit_fields, uniq_harold, uniq_maggie
Lair:2:   layout_roguey, lemuel_fruit_fields, uniq_erica
Lair:3:   layout_long_grid, gauntlet_entry_generic, st_stairs_3,
          infiniplex_staircase_pool_2
Lair:4:   layout_long_grid, swamp_mist_pool, nicolae_spider_entry_non_spiders,
          grunt_megastairs_5
Lair:5:   layout_small_grid
Lair:6:   hellmonk_lair_end_abyssal_woods, layout_hall_layers,
          minmay_slime_entry_oklob_open, special_room [special_room_jelly]
Orc:1:    layout_caves, kennysheep_orc_sif_temple
Orc:2:    grunt_orc_community_town_hall, layout_diamond_mine,
          grunt_orc_community_big_house_2, grunt_orc_community_big_house_2,
          grunt_orc_community_house_1, grunt_orc_community_house_2,
          grunt_orc_community_house_3, grunt_orc_community_house_3,
          grunt_orc_community_house_2, grunt_orc_community_house_3,
          hangedman_minor_magic
Elf:1:    minmay_elf_arrival_plus, layout_geoelf_grid,
          gammafunk_ghost_fury_of_okawaru, serial_shops, shop,
          minmay_elf_demonology, minivault_14
Elf:2:    nicolae_elf_blades_crystal_corner, layout_onion_city, basic_altar,
          uniq_saint_roka

Skill      XL: |  1  2  3  4  5  6  7  8  9 10 11 12 13 14 15 16 17 |
---------------+----------------------------------------------------+-----
Fighting       | 4 5 6 7 8 9 10 12 13 14 15 | 15.3
Evocations     | 1 2 3 4 6 7 8 9 11 12 14 16 | 16.7
Axes           | 5 6 7 8 10 11 13 14 16 17 18 19 20 | 20.0
Dodging        | 2 3 4 |  4.4
Armour         | 3 4 5 6 7 8 9 10 11 12 13 | 13.4
Shields        | 1 2 4 5 6 8 10 11 12 13 14 15 16 | 16.4
Stealth        | 1 |  1.0

Action                   |  1- 3 |  4- 6 |  7- 9 | 10-12 | 13-15 | 16-18 || total
-------------------------+-------+-------+-------+-------+-------+-------++-------
Melee: Hand axe          |   114 |   230 |   314 |       |       |       ||   658
       Punch             |     1 |       |       |       |       |       ||     1
       War axe           |       |       |    97 |   604 |   317 |       ||  1018
       Broad axe         |       |       |       |       |   955 |   861 ||  1816
Invok: Berserk           |     1 |     6 |     7 |    20 |    37 |    17 ||    88
       Trog's Hand       |       |       |       |     1 |     2 |     1 ||     4
       Brothers in Arms  |       |       |       |       |     2 |     2 ||     4
Evoke: Wand              |       |     1 |     5 |    15 |    17 |       ||    38
  Use: Scroll            |       |       |     5 |     7 |    21 |    13 ||    46
       Potion            |       |       |       |       |     5 |     1 ||     6
Armor: Animal skin       |    11 |       |       |       |       |       ||    11
       Chain mail        |    68 |   156 |   162 |       |   497 |   162 ||  1045
       Plate armour      |       |       |    61 |   409 |    38 |       ||   508
Dodge: Dodged            |    66 |    64 |    74 |   157 |   312 |   142 ||   815
Block: Tower shield      |       |    89 |   386 |   697 |  1128 |   700 ||  3000
       Buckler           |       |       |       |       |    14 |       ||    14
